 Dungeon Sprint DCSS version 0.21.1-1-g345015f (webtiles) character file.

504 Psiloshibe the Fighter (level 7, 8/53 HPs)
             Began as a Barachi Berserker on June 25, 2018.
             Was a Believer of Trog.
             Quit the game in the Dungeon (Sprint II: "The Violet Keep of Menkaure").
             The game lasted 00:00:48 (45 turns).

Psiloshibe the Fighter (Barachi Berserker)            Turns: 45, Time: 00:00:49

Health: 8/53       AC:  1    Str: 21    XL:     7   Next: 17%
Magic:  7/7        EV: 14    Int:  7    God:    Trog [**....]
Gold:   243        SH:  0    Dex: 11    Spells: 6/6 levels left

rFire    . . .     SeeInvis .   a - +0 falchion
rCold    . . .     Gourm    .   (no shield)
rNeg     . . .     Faith    .   b - +0 animal skin
rPois    .         Spirit   .   (no helmet)
rElec    .         Reflect  .   (no cloak)
rCorr    .         Harm     .   (no gloves)
MR       .....     NoTele   +   (no boots)
Stlth    +.........             (no amulet)
HPRegen  0.17/turn              (no ring)
MPRegen  0.10/turn              (no ring)

@: berserk cooldown, slow
A: +LOS, swims, deformed body, frail 2, slowness 1, strong legs 1
a: Hop, Berserk, Trog's Hand, Burn Spellbooks, Renounce Religion


You were in the Dungeon.
You worshipped Trog.
Trog was pleased with you.
You were not hungry.

You visited 1 branch You collected 243 gold pieces.

Inventory:

Hand Weapons
 a - a +0 falchion (weapon)
Armour
 b - a +0 animal skin (worn)
Scrolls
 i - a scroll of blinking
Potions
 d - a potion of curing
 f - a potion of haste
 g - 2 potions of magic
 h - a potion of berserk rage
Comestibles
 c - a ration


   Skills:
 + Level 10.7 Fighting
 + Level 10.4 Long Blades
 * Level 6.5 Throwing
 + Level 5.6 Armour
 + Level 5.3 Dodging


You had 6 spell levels left.
You didn't know any spells.

Dungeon Overview and Level Annotations

Branches:
Dungeon (1/1)

Altars:


Innate Abilities, Weirdness & Mutations

Shadows flee at your approach. (+LOS)
You can swim through water.
You cover ground slowly.
You can hop short distances.
Armour fits poorly on your strangely shaped body.
You are very frail. (-20% HP)


Message History

The crimson imp barely misses you.
You riposte.
You hit the crimson imp.
The crimson imp is heavily wounded.
The neqoxec gestures at you.
Something tries to feed on your intellect!
The crimson imp barely misses you.
You riposte.
You slash the crimson imp!
The crimson imp is almost dead.
You slash the neqoxec!
You kill the neqoxec!
Trog accepts your kill.
The quasit disappears in a puff of smoke!
The shadow imp disappears in a puff of smoke!
The crimson imp disappears in a puff of smoke!
Your Long Blades skill increases to level 10!
You have reached level 7!
Unknown command.
There is an open door here.
You now have 243 gold pieces.
You start resting.
You feel yourself speed up.
Are you sure you want to abandon this character and quit the game? (Confirm with "yes".)

##
#.###+#
#.##.##
##.'.<.+
#@.##.##
#.###+#
###


There were no monsters in sight!

Vanquished Creatures
  4 neqoxecs (D)
4 creatures vanquished.

Notes
Turn   | Place    | Note
-------+----------+-------------------------------------------
     0 | D        | Psiloshibe the Barachi Berserker began the quest for the Orb.
     0 | D        | Reached XP level 1. HP: 18/18 MP: 1/1
     1 | D        | Noticed a neqoxec
     1 | D        | Noticed a neqoxec
     1 | D        | Noticed a neqoxec
     1 | D        | Noticed a neqoxec
     6 | D        | Noticed an iron imp
     6 | D        | Noticed a crimson imp
     6 | D        | Killed a neqoxec
     6 | D        | Reached XP level 2. HP: 19/31 MP: 2/2
     6 | D        | Reached XP level 3. HP: 22/36 MP: 3/3
     6 | D        | Reached XP level 4. HP: 26/43 MP: 4/4
     6 | D        | Reached XP level 5. HP: 30/48 MP: 5/5
     8 | D        | Killed a neqoxec
     8 | D        | Reached ** piety under Trog
     8 | D        | Reached skill level 5 in Throwing
     8 | D        | Reached XP level 6. HP: 37/58 MP: 6/6
    10 | D        | Gained mutation: You are frail. (-10% HP) [a neqoxec]
    15 | D        | Killed a neqoxec
    15 | D        | Reached skill level 10 in Fighting
    15 | D        | Reached skill level 5 in Armour
    15 | D        | Reached skill level 5 in Dodging
    23 | D        | Gained mutation: You are very frail. (-20% HP) [a neqoxec]
    26 | D        | Gained mutation: Armour fits poorly on your strangely shaped body. [a neqoxec]
    29 | D        | Killed a neqoxec
    29 | D        | Reached skill level 10 in Long Blades
    29 | D        | Reached XP level 7. HP: 4/53 MP: 7/7
    45 | D        | Quit the game

Skill      XL: |  1  2  3  4  5  6 |
---------------+-------------------+-----
Fighting       | 7 9 10 | 10.7
Long Blades    | 7 8 10 | 10.4
Throwing       | 4 5 6 |  6.5
Armour         | 4 5 |  5.6
Dodging        | 3 4 5 |  5.3

Action                   |  1- 3 |  4- 6 |  7- 9 || total
-------------------------+-------+-------+-------++-------
Melee: Falchion          |     4 |    20 |       ||    24
Invok: Berserk           |     1 |       |       ||     1
  Use: Potion            |       |     1 |       ||     1
Dodge: Dodged            |     1 |    10 |       ||    11
       Rpst.: Falchion   |     1 |     5 |       ||     6
